 Dungeon Crawl Stone Soup version 0.30-a0-137-gd8773701ce (webtiles) character file.

Game seed: 2478348473675461997

155 juncz the Magician (level 5, -1/40 HPs)
             Began as a Djinni Conjurer on Sept 23, 2022.
             Slain by a hound (4 damage)
             ... on level 4 of the Dungeon.
             The game lasted 00:03:35 (3328 turns).

juncz the Magician (Djinni Conjurer)                Turns: 3328, Time: 00:03:36

Health: -1/40      AC:  3    Str:  6    XL:     5   Next: 63%
Gold:   105        EV: 12    Int: 22    God:
                   SH:  0    Dex: 11

rFire   + + .      SeeInvis .    (no weapon)
rCold   x . .      Faith    .    (no shield)
rNeg    . . .      Spirit   .    a - +0 robe
rPois   ∞          Reflect  .    (no helmet)
rElec   .          Harm     .    (no cloak)
rCorr   .          Rampage  .    l - +0 pair of gloves
Will    .....                    (boots unavailable)
Stlth   ++........               (no amulet)
HPRegen 0.13/turn                (no ring)
MPRegen 0.00/turn                (no ring)

@: flying
A: sickness immunity, fire resistance 2, cold vulnerability 1, float, innate
caster, HP casting, extra vitality 1
a: no special abilities


You were on level 4 of the Dungeon.
You visited 1 branch of the dungeon, and saw 4 of its levels.

You collected 105 gold pieces.

Inventory:

Armour
 a - a +0 robe (worn)
 l - a +0 pair of gloves (worn)
Jewellery
 m - a +4 ring of protection
Scrolls
 c - 2 scrolls of fear {unknown}
 d - 2 scrolls of teleportation {unknown}
 f - a scroll of magic mapping {unknown}
 g - a scroll of enchant weapon {unknown}
 h - 3 scrolls of identify {unknown}
 j - a scroll of amnesia {unknown}
 k - a scroll of poison {unknown}
 n - a scroll of vulnerability {unknown}
Potions
 b - a potion of haste {unknown}
 e - 2 potions of curing {unknown}
 i - a potion of degeneration {unknown}


   Skills:
 + Level 3.3 Fighting
 - Level 2.1 Dodging
 - Level 1.5 Stealth
 + Level 4.2 Spellcasting


You couldn't memorise any spells.
You knew the following spells:

 Your Spells              Type           Power      Damage    Failure   Level
a - Magic Dart            Conj           92%        1d7       1%          1
b - Searing Ray           Conj           46%        2d6       2%          2
c - Dazzling Flash        Conj/Hex       46%        N/A       5%          3
d - Fulminant Prism       Conj/Hex       11%        3d9       19%         4
e - Iskenderun's Mystic   Conj/Tloc      23%        2d6       19%         4
f - Summon Small Mammal   Summ           92%        N/A       1%          1
g - Scorch                Fire           46%        2d7       2%          2
Your spell library was empty.

Dungeon Overview and Level Annotations

Branches:
Dungeon (4/15)
 Temple: D:4-7

Altars:
Cheibriados

Shops:
D:2 :


Innate Abilities, Weirdness & Mutations

You are immune to sickness and miasma.
You are immune to poison.
Your flesh is very heat resistant. (rF++)
You are vulnerable to cold. (rC-)
You float through the air rather than walking.
You learn spells naturally, not from books.
Your magical power is your life essence.
You have superior vitality. (+4 MHP)


Message History

Casting: Iskenderun's Mystic Blast (quite dangerous; 19% risk of failure)
Confirm with . or Enter, or press ? or * to list all spells.
You erupt in a blast of force!
The mystic blast hits the iguana but does no damage.
The iguana is severely wounded.
The iguana barely misses you.
Casting: Iskenderun's Mystic Blast (quite dangerous; 19% risk of failure)
Confirm with . or Enter, or press ? or * to list all spells.
You miscast Iskenderun's Mystic Blast.
You are very lightly contaminated with residual magic.
Nothing appears to happen.
* * * LOW HITPOINT WARNING * * *
The iguana completely misses you.
Casting: Iskenderun's Mystic Blast (quite dangerous; 19% risk of failure)
Confirm with . or Enter, or press ? or * to list all spells.
You erupt in a blast of force!
The mystic blast hits the iguana.
The iguana is almost dead.
The iguana is knocked back by the mystic blast.
* * * LOW HITPOINT WARNING * * *
Casting: Iskenderun's Mystic Blast (quite dangerous; 19% risk of failure)
Confirm with . or Enter, or press ? or * to list all spells.
You erupt in a blast of force!
The mystic blast hits the iguana.
You kill the iguana!
* * * LOW HITPOINT WARNING * * *
You see here an iguana corpse.
You start resting.
Your magical contamination has completely faded away.
You start resting.
You hear the slow rusting of a distant drain.
A hound comes into view.
Found a scroll labelled JIMMIL MUFASA.
Casting: Iskenderun's Mystic Blast (quite dangerous; 19% risk of failure)
Confirm with . or Enter, or press ? or * to list all spells.
You erupt in a blast of force!
The mystic blast hits the hound.
The hound is moderately wounded.
The hound is knocked back by the mystic blast.
* * * LOW HITPOINT WARNING * * *
A goblin comes into view. It is wielding a +0 club.
The hound bites you.
You die...

....#. ....?.#
....#.. #......
#..... #....
#...# #... #..#
##.#
#.########..##
##..##........#
##......######.##
#..@h.### #..####
#..##..# ##.....
.... ##.#
##...### #... #.#
##....# g.. #.#
#..#..# .# #..
#..#..### ...
...#....##
....#......
..........†.


You could see a hound and a goblin.

Vanquished Creatures
  A scorpion (D:3)
  An iguana (D:4)
  A gnoll (D:3)
  2 adders
  A worm (D:2)
  A dart slug (D:2)
  5 bats
  6 endoplasms
  3 goblins
  A hobgoblin (D:3)
  4 jackals (D:1)
  3 quokkas (D:3)
  A ball python (D:2)
  2 frilled lizards
  7 kobolds
  A rat (D:3)
40 creatures vanquished.

Notes
Turn   | Place    | Note
-------+----------+-------------------------------------------
     0 | D:1      | juncz the Djinni Conjurer began the quest for the Orb.
     0 | D:1      | juncz set off with the following spells memorised: Magic
                  | Dart, Searing Ray, Dazzling Flash, Fulminant Prism,
                  | Iskenderun's Mystic Blast.
     0 | D:1      | Reached XP level 1. HP: 15/15 MP: 0/0
   288 | D:1      | Reached skill level 1 in Fighting
   288 | D:1      | Reached XP level 2. HP: 17/22 MP: 0/0
   785 | D:2      | Reached XP level 3. HP: 22/28 MP: 0/0
   785 | D:2      | Learned a level 1 spell: Summon Small Mammal
  1047 | D:2      | Found Roeluank's Book Shop.
  1630 | D:2      | Found a faded altar of an unknown god.
  1630 | D:2      | Noticed a Brimstone Fiend
  2198 | D:3      | Found a snail-covered altar of Cheibriados.
  2283 | D:3      | Reached XP level 4. HP: 32/33 MP: 0/0
  2525 | D:3      | Noticed a scorpion
  2541 | D:3      | Killed a scorpion
  2542 | D:3      | Reached skill level 4 in Spellcasting
  2542 | D:3      | Reached XP level 5. HP: 10/40 MP: 0/0
  2542 | D:3      | Learned a level 2 spell: Scorch
  3328 | D:4      | Slain by a hound

Illustrated notes

Levels and vault maps discovered:
D:1:      lightli_arrival_noodles, layout_basic
D:2:      layout_basic, serial_shops, nicolae_shop_trees,
          dreamdust_ecumenical_altar_sealed_demon, feat_on_display
D:3:      layout_loops_corners, mainiacjoe_overflow_paths,
          grunt_nemelex_the_gamble
D:4:      layout_layer_cave, gup_sewer_entry_bowl

Skill      XL: |  1  2  3  4 |
---------------+-------------+-----
Fighting       | 1 2 3 |  3.3
Spellcasting   | 4 |  4.2
Dodging        | |  2.1
Stealth        | |  1.5

Action                   |  1- 3 |  4- 6 || total
-------------------------+-------+-------++-------
 Cast: Magic Dart        |    70 |    31 ||   101
       Iskenderun's Myst |       |     7 ||     7
Armor: Robe              |     2 |     3 ||     5
Dodge: Dodged            |     5 |    11 ||    16

Table legend: (Time is in decaauts)
 A = Elapsed time spent in this place.
 B = Non-inter-level travel time spent in this place.
 C = Inter-level travel time spent in this place.
 D = Time resting spent in this place.
 E = Time spent auto-exploring this place.
 F = Levels seen in this place.
 G = Mean time per level.
                   A        B        C        D        E       F      G
               +--------+--------+--------+--------+--------+-----+--------+
         Total |   3327 |   3293 |     34 |    550 |   2454 |   4 |  831.8 |
       Dungeon |   3327 |   3293 |     34 |    550 |   2454 |   4 |  831.8 |
               +--------+--------+--------+--------+--------+-----+--------+

Top non-repeatable levels by time:
     D:2: 1342 daAuts
     D:3: 1124 daAuts
     D:1: 689 daAuts
     D:4: 170 daAuts
